 Dungeon Crawl Stone Soup version 0.31.0-12-g77e489cdc1 (webtiles) character file.

Game seed: 13459750333970587219

88 Doomgape the Shield-Bearer (level 4, -4/29 HPs)
             Began as a Gargoyle Fighter on Mar 1, 2024.
             Killed by divine providence
             ... invoked by an orc priest
              (11 damage)
             ... on level 3 of the Dungeon.
             The game lasted 00:02:49 (1908 turns).

Doomgape the Shield-Bearer (Gargoyle Fighter)       Turns: 1908, Time: 00:02:50

Health: -4/29      AC: 10    Str: 22    XL:     4   Next: 54%
Magic:  4/4        EV:  9    Int:  8    God:
Gold:   189        SH:  4    Dex:  9    Spells: 3/3 levels left

rFire   . . .        a - +0 flail
rCold   . . .        c - +0 buckler
rNeg    + . .        b - +0 scale mail
rPois   ∞            (no helmet)
rElec   +            (no cloak)
rCorr   .            (no gloves)
SInv    .            (no boots)
Will    .....        (no amulet) Stlth
                     (no ring)
HPRegen 0.24/turn    (no ring)
MPRegen 0.09/turn

%: no passive effects
@: no status effects
A: sickness immunity, AC +3, negative energy resistance 1, electricity
resistance, torment resistance 1, petrification resistance
a: no special abilities


You were on level 3 of the Dungeon.
You visited 1 branch of the dungeon, and saw 3 of its levels.

You collected 189 gold pieces.

Inventory:

Hand Weapons
 a - a +0 flail (weapon)
Armour
 b - a +0 scale mail (worn)
 c - a +0 buckler (worn)
Jewellery
 p - a +4 ring of slaying
Wands
 q - a wand of polymorph (6)
Scrolls
 f - a scroll of poison {unknown}
 g - 4 scrolls of teleportation {unknown}
 h - a scroll of identify {unknown}
 i - a scroll of enchant armour {unknown}
 n - a scroll of vulnerability {unknown}
Potions
 d - a potion of might
 e - a potion of attraction {unknown}
 j - a potion of brilliance {unknown}
 k - 2 potions of curing {unknown}
 l - a potion of invisibility {unknown}
 m - a potion of cancellation {unknown}
 o - 2 potions of magic {unknown}


   Skills:
 + Level 4.0 Fighting
 + Level 2.8 Maces & Flails
 + Level 4.0 Armour
 + Level 4.0 Shields


You had 3 spell levels left.
You didn't know any spells.
Your spell library was empty.

Dungeon Overview and Level Annotations

Branches:
Dungeon (3/15)

Altars:
Xom

Annotations:
D:3 Jessica


Innate Abilities, Weirdness & Mutations

You are immune to sickness and miasma.
Your stone body is resilient. (AC +3)
You are immune to poison.
You resist negative energy. (rN+)
You are resistant to electric shocks. (rElec)
You are resistant to unholy torment.
You are immune to petrification.


Message History

You closely miss the orc.
The orc is moderately wounded.
The orc hits you but does no damage.
You closely miss the orc.
The orc is moderately wounded.
The orc hits you but does no damage. x2
You closely miss the orc.
The orc is moderately wounded.
The orc hits you but does no damage.
You sock the orc!
You kill the orc!
You closely miss the orc. The orc hits you with a +0 short sword.
The orc priest casts a cantrip, but nothing happens.
You block the orc's attack.
You barely miss the orc. The orc hits you with a +0 short sword.
You closely miss the orc.
The orc priest begins to cast a cantrip, but forgets the words!
The orc barely misses you.
You hit the orc.
The orc is severely wounded.
Jessica gestures wildly.
The orc hits you but does no damage.
The orc priest calls down the wrath of Beogh upon you.
Beogh smites you!
* * * LOW HITPOINT WARNING * * *
An orc comes into view. It is wielding a +0 war axe.
You barely miss the orc.
The orc is severely wounded.
The orc shouts!
Jessica shouts, "I don't like beings like you!"
The orc hits you but does no damage. The orc hits you with a +0 short sword.
* * * LOW HITPOINT WARNING * * *
You sock the orc!
You kill the orc!
Jessica completely misses you.
Unknown command.
You hit Jessica but do no damage. Jessica barely misses you.
The orc priest mumbles some strange prayers to Beogh against you.
Beogh smites you!
You die...

####....#
##.#.#
#.#.#
#.#.#
#.#.#
#.#.#
#.#.#
#...#####
#...o@@.#
#..####.#
#..### .#
#...o# ..
##.#@# ..#
#...o....
###.##..##
.# .## .#


You could see an orc priest and Jessica (fast).

Vanquished Creatures
  4 adders
  A dart slug (D:1)
  2 orcs (D:3)
  3 bats
  4 giant cockroaches
  3 goblins
  6 hobgoblins
  4 jackals (D:1)
  4 quokkas
  5 ball pythons
  A frilled lizard (D:2)
  4 kobolds
  2 rats (D:1)
43 creatures vanquished.

Notes
Turn   | Place    | Note
-------+----------+-------------------------------------------
     0 | D:1      | Doomgape the Gargoyle Fighter began the quest for the Orb.
     0 | D:1      | Reached XP level 1. HP: 14/14 MP: 1/1
   189 | D:1      | Reached XP level 2. HP: 15/19 MP: 2/2
   620 | D:1      | Reached XP level 3. HP: 23/23 MP: 3/3
  1010 | D:2      | Found a shimmering altar of Xom.
  1737 | D:3      | Reached XP level 4. HP: 29/29 MP: 4/4
  1877 | D:3      | Noticed Jessica
  1908 | D:3      | Killed from afar by an orc priest

Illustrated notes

Levels and vault maps discovered:
D:1:      ncdulo_halloftheorcs, layout_basic, serial_bayou_crossing
D:2:      layout_loops_corners, basic_altar
D:3:      layout_loops_ring, serial_shops, nicolae_shop_stone,
          minmay_misc_feat_secret_circle, grunt_ministairs_15, uniq_jessica

Skill      XL: |  1  2  3  4 |
---------------+-------------+-----
Shields        | 4 |  4.0
Armour         | 4 |  4.0
Fighting       | 4 |  4.0
Maces & Flails | |  2.8

Action                     |  1- 3 |  4- 6 || total
---------------------------+-------+-------++-------
  Melee: Flail             |   130 |    58 ||   188
 Armour: Scale mail        |   103 |    60 ||   163
  Dodge: Dodged            |    69 |    27 ||    96
  Block: Buckler           |    19 |    14 ||    33
